 Dungeon Crawl Stone Soup version 0.31-a0-655-gf2d5465dac (webtiles) character file.

Game seed: 7324454367321259697

13236 onyshiwa the Cleaver (level 11, -11/100 HPs)
             Began as a Minotaur Berserker on July 30, 2021.
             Was a High Priest of Trog.
             Mangled by a boulder beetle (31 damage)
             ... on level 11 of the Dungeon on Aug 30, 2023.
             The game lasted 00:41:53 (9409 turns).

onyshiwa the Cleaver (Minotaur Berserker)           Turns: 9409, Time: 00:41:53

Health: -11/100    AC: 20    Str: 21    XL:     11   Next: 72%
Magic:  10/10      EV:  9    Int:  4    God:    Trog [*****.]
Gold:   757        SH: 11    Dex: 14    Spells: 10/10 levels left

rFire   . . .        a - +0 war axe (freeze)
rCold   . . .        r - +0 kite shield
rNeg    . . .        B - +0 plate armour
rPois   .            (helmet restricted)
rElec   .            t - +1 cloak
rCorr   .            v - +2 pair of gloves
SInv    .            (no boots)
Will    +++..        (no amulet) Stlth
                     u - ring of willpower
HPRegen 1.36/turn    q - +4 ring of slaying
MPRegen 0.12/turn

%: no passive effects
@: strong-willed (expiring), on berserk cooldown, regenerating (expiring),
slowed, very slow
A: horns 2, retaliatory headbutt
a: Renounce Religion, Berserk, Trog's Hand, Brothers in Arms


You were on level 11 of the Dungeon.
You worshipped Trog.
Trog was extremely pleased with you.
You visited 2 branches of the dungeon, and saw 12 of its levels.

You collected 757 gold pieces.

Inventory:

Hand Weapons
 a - a +0 war axe of freezing (weapon)
 b - a +0 flail of protection
 N - a +1 hand axe of venom
Missiles
 w - 28 poisoned darts (quivered)
 G - 6 curare-tipped darts
 I - 3 throwing nets
 K - 6 darts of dispersal
 L - 3 atropa-tipped darts
Armour
 r - a +0 kite shield (worn)
 t - a +1 cloak (worn)
 v - a +2 pair of gloves (worn)
 B - a +0 plate armour (worn)
 M - a +0 scale mail of cold resistance
Jewellery
 j - a ring of protection from cold
 q - a +4 ring of slaying (right hand)
 u - a ring of willpower (left hand)
 z - a +6 ring of dexterity
 D - a ring of ice
 E - a +4 ring of protection
 O - a ring of protection from cold
Wands
 o - a wand of polymorph (6)
 F - a wand of mindburst (12)
 P - a wand of iceblast (3)
Scrolls
 d - 2 scrolls of enchant weapon
 e - 3 scrolls of immolation
 f - a scroll of fog
 g - a scroll of identify
 h - 2 scrolls of fear
 i - 7 scrolls of teleportation
 l - a scroll of brand weapon
 m - a scroll of acquirement
 n - 2 scrolls of enchant armour
 y - a scroll of torment {unknown}
 A - a scroll of poison {unknown}
 C - 2 scrolls of vulnerability {unknown}
Potions
 c - 2 potions of mutation
 k - 3 potions of enlightenment
 p - 2 potions of curing
 s - a potion of heal wounds
 x - a potion of cancellation
 H - a potion of lignification
 J - a potion of resistance


   Skills:
 + Level 10.2 Fighting
 * Level 13.6 Axes
 + Level 9.7 Armour
 + Level 8.7 Dodging
 + Level 9.1 Shields


You had 10 spell levels left.
You didn't know any spells.
Your spell library was empty.

Dungeon Overview and Level Annotations

Branches:
Dungeon (11/15)            Temple (1/1) D:6            Lair (0/6) D:9
    Orc (0/2) D:9

Altars:
Ashenzari
Cheibriados
Dithmenos
Elyvilon
Fedhas
Gozag
Hepliaklqana
Kikubaaqudgha
Makhleb
Nemelex Xobeh
Okawaru
Qazlal
Ru
Sif Muna
Trog
Uskayaw
Vehumet
Wu Jian
Xom
Yredelemnul
Zin
The Shining One

Shops:
D:6 ***


Innate Abilities, Weirdness & Mutations

You have a pair of horns on your head.
You reflexively headbutt those who attack you in melee.


Message History

You block the wraith's attack.
You hit the boulder beetle but do no damage.
The boulder beetle is moderately wounded.
You slash the wraith! You freeze the wraith.
You block the boulder beetle's attack. The wraith barely misses you.
The boulder beetle bites you! The wraith hits you but does no damage.
A red film seems to cover your vision as you go berserk!
You feel yourself moving faster!
You feel mighty!
The boulder beetle leaps!
You block the wraith's attack.
You feel a strong urge to attack something.
You block the wraith's attack.
The boulder beetle curls into a ball and begins rolling!
The wraith hits you but does no damage.
You feel your anger nearly subside.
You are no longer berserk.
You are exhausted.
You feel as though you will be slow longer.
The boulder beetle hits you!!!
* * * LOW HITPOINT WARNING * * *
The boulder beetle stops rolling and uncurls.
You hear a shout! x10
You hit the boulder beetle. You freeze the boulder beetle.
The boulder beetle is moderately wounded.
You barely miss the wraith.
You hear a shout! x2
The boulder beetle leaps!
The wraith hits you but does no damage.
An orc comes into view. It is wielding a +0 short sword.
You hear a shout!
The orc shouts!
You hear a shout! x2
The wraith closely misses you. You furiously retaliate!
You headbutt the wraith!
An orc comes into view. It is wielding a +0 club.
You block the wraith's attack.
The boulder beetle curls into a ball and begins rolling!
The wraith attacks as it pursues you! You block the wraith's attack.
The wraith hits you but does no damage. You block the wraith's attack.
You feel the effects of Trog's Hand fading.
An orc priest comes into view. It is wielding a +0 club.
The boulder beetle hits you!!
You die...

#o.###.............
#.o...............
#........).?....
##.##o°......#
#.o###°o.....#
###..#..°.....#
#......○.#.#.....
##..##.WB#.##....
## ##/@........
###.....##....
#....<### ..
#.........#
##............
#....#........
##...#.....#?.
#####.##.#?.# ..#
.#<.#


You could see a boulder beetle (rolling), a wraith, an orc priest and 2 orcs.

Vanquished Creatures
  Josephine (D:11)
  2 two-headed ogres (D:9)
  Lodul (D:10)
  The ghost of gyole the Trooper, a novice OgSh (D:5)
  An ice statue (D:9)
  Joseph (D:10)
  Jeremiah (D:7)
  A rime drake (D:9)
  2 trolls
  Grinder (D:3)
  A shadow (D:9)
  Sigmund (D:4)
  5 wraiths
  2 wyverns
  13 yaks
  A steam dragon (D:8)
  An acid dragon (D:8)
  2 water moccasins
  8 ice beasts
  2 sky beasts (D:7)
  2 black bears (D:6)
  9 ogres
  A wolf (D:9)
  2 centaurs
  A phantom (D:6)
  3 kobold brigands
  6 bullfrogs
  A gnoll sergeant (D:9)
  3 scorpions
  10 wights (D:8)
  3 howler monkeys
  9 hounds
  A jelly (D:7)
  3 orc priests
  3 sleepcaps
  2 gnoll boudas
  9 orc wizards
  7 iguanas
  4 adders
  18 gnolls
  2 shadow imps
  3 white imps
  4 worms
  3 dart slugs
  16 orcs
  7 bats
  6 endoplasms
  6 giant cockroaches
  9 goblins
  6 hobgoblins
  3 jackals (D:1)
  20 kobolds
  6 quokkas
  7 ball pythons
  7 frilled lizards
  6 rats
256 creatures vanquished.

Vanquished Creatures (others)
  An orc wizard (D:6)
1 creature vanquished.

Grand Total: 257 creatures vanquished

Notes
Turn   | Place    | Note
-------+----------+-------------------------------------------
     0 | D:1      | onyshiwa the Minotaur Berserker began the quest for the
                  | Orb.
     0 | D:1      | Reached XP level 1. HP: 19/19 MP: 0/0
   197 | D:1      | Reached XP level 2. HP: 27/27 MP: 1/1
   212 | D:1      | Reached skill level 4 in Axes
   448 | D:1      | Found a faded altar of an unknown god.
   580 | D:1      | Reached ** piety under Trog
   667 | D:1      | Reached XP level 3. HP: 33/33 MP: 2/2
  1243 | D:1      | Upgraded the game from 0.28-a0-57-g271197699b to
                  | 0.31-a0-595-g4209ae197b
  1901 | D:2      | Reached skill level 1 in Shields
  2040 | D:2      | Reached XP level 4. HP: 36/40 MP: 3/3
  2435 | D:3      | Noticed Grinder
  2436 | D:3      | Paralysed by Grinder for 4 turns
  2451 | D:3      | Killed Grinder
  2452 | D:3      | Reached skill level 5 in Axes
  2452 | D:3      | Reached XP level 5. HP: 32/47 MP: 4/4
  2452 | D:3      | Reached XP level 6. HP: 36/53 MP: 5/5
  3205 | D:4      | Noticed Sigmund
  3221 | D:4      | Killed Sigmund
  3222 | D:4      | Reached skill level 5 in Fighting
  3222 | D:4      | Reached skill level 6 in Axes
  3226 | D:4      | Found a white marble altar of Elyvilon.
  3254 | D:4      | Reached XP level 7. HP: 57/61 MP: 6/6
  3408 | D:4      | Found a burning altar of Makhleb.
  3554 | D:4      | Reached *** piety under Trog
  4093 | D:5      | Entered Level 5 of the Dungeon
  4203 | D:5      | Found an opulent altar of Gozag.
  4228 | D:5      | Reached skill level 7 in Axes
  4313 | D:5      | Reached skill level 5 in Armour
  4355 | D:5      | Reached XP level 8. HP: 64/70 MP: 7/7
  4471 | D:5      | Found a runed translucent door.
  4472 | D:5      | Noticed gyole's ghost (novice OgSh)
  4501 | D:5      | Killed gyole's ghost
  4502 | D:5      | Reached skill level 8 in Axes
  4502 | D:5      | Reached skill level 5 in Dodging
  4626 | D:5      | Reached skill level 5 in Shields
  4780 | D:5      | Found an ancient bone altar of Kikubaaqudgha.
  5072 | D:6      | Found Jugeolu's General Store.
  5079 | D:6      | Found Walli's Assorted Antiques.
  5081 | D:6      | Found Rorid's Assorted Antiques.
  5104 | D:6      | Reached skill level 9 in Axes
  5154 | D:6      | Reached XP level 9. HP: 78/78 MP: 8/8
  5338 | D:6      | Found a staircase to the Ecumenical Temple.
  5349 | Temple   | Entered the Ecumenical Temple
  5683 | D:6      | Noticed a troll
  5713 | D:6      | Killed a troll
  5714 | D:6      | Reached skill level 10 in Axes
  5965 | D:7      | Noticed Jeremiah
  5976 | D:7      | Killed Jeremiah
  6141 | D:7      | Found a hide-covered altar of Uskayaw.
  6343 | D:7      | Reached **** piety under Trog
  6431 | D:8      | Reached XP level 10. HP: 82/88 MP: 9/9
  6685 | D:8      | Reached skill level 11 in Axes
  7312 | D:9      | Found a staircase to the Lair.
  7375 | D:9      | Noticed an ice statue
  7410 | D:9      | Killed an ice statue
  7411 | D:9      | Reached skill level 12 in Axes
  7634 | D:9      | Noticed a two-headed ogre
  7644 | D:9      | Killed a two-headed ogre
  7768 | D:9      | Noticed a two-headed ogre
  7778 | D:9      | Killed a two-headed ogre
  7779 | D:9      | Reached XP level 11. HP: 76/97 MP: 10/10
  7885 | D:9      | Found a staircase to the Orcish Mines.
  8298 | D:9      | Identified a scroll of acquirement
  8315 | D:10     | Entered Level 10 of the Dungeon
  8360 | D:10     | Reached ***** piety under Trog
  8645 | D:10     | Found a radiant altar of Vehumet.
  8704 | D:10     | Found a snail-covered altar of Cheibriados.
  8772 | D:10     | Noticed Lodul
  8792 | D:10     | Killed Lodul
  8793 | D:10     | Reached skill level 13 in Axes
  9017 | D:10     | Noticed Joseph
  9031 | D:10     | Killed Joseph
  9238 | D:10     | Reached skill level 10 in Fighting
  9241 | D:10     | Found a shimmering altar of Xom.
  9360 | D:10     | Upgraded the game from 0.31-a0-595-g4209ae197b to
                  | 0.31-a0-655-gf2d5465dac
  9383 | D:11     | Noticed Josephine
  9386 | D:11     | Noticed a boulder beetle
  9391 | D:11     | Killed Josephine
  9409 | D:11     | Mangled by a boulder beetle

Illustrated notes

Levels and vault maps discovered:
D:1:      pf_arrival_petrified_forest, layout_loops_corners,
          hellmonk_ecumenical_altar_arch_garden
D:2:      layout_loops_corners, kennysheep_cluttered_room, st_stairs_12
D:3:      minmay_razor_zed, layout_basic, uniq_grinder
D:4:      layout_basic, makhleb_heckhound_becter, elyvilon_altar_3, uniq_sigmund
D:5:      layout_gridville, grunt_gozag_statues, marbit_many_paths,
          gammafunk_ghost_grave
D:6:      wad_guarded_room, layout_basic, minmay_temple_entry_offerings,
          nicolae_wooded_promenade, kennysheep_generic_room_10
D:7:      layout_rooms, mainiacjoe_overflow_paths, item_on_display_a,
          uniq_jeremiah
D:8:      layout_loops_ring, minmay_misc_feat_plants, kennysheep_nub
D:9:      layout_basic, hellmonk_lair_entry_icy, minivault_16, nicolae_sextant,
          minmay_between
D:10:     layout_gridville, mainiacjoe_overflow_small_starburst,
          cheibriados_altar_1, old_standard_altar, uniq_lodul, uniq_joseph
D:11:     layout_cave_pools, special_room [special_room_orc], uniq_josephine
Temple:   minmay_temple_curvy_branch

Skill      XL: |  1  2  3  4  5  6  7  8  9 10 11 |
---------------+----------------------------------+-----
Axes           | 4 5 6 7 9 10 12 13 | 13.6
Fighting       | 4 5 6 8 9 10 | 10.2
Armour         | 3 4 5 6 7 8 9 |  9.7
Shields        | 1 2 3 4 5 6 8 9 |  9.1
Dodging        | 3 4 5 6 7 8 |  8.7

Action                     |  1- 3 |  4- 6 |  7- 9 | 10-12 || total
---------------------------+-------+-------+-------+-------++-------
  Melee: Hand axe          |    96 |    87 |   268 |   271 ||   722
         Headbutt          |    20 |    14 |    61 |    93 ||   188
         War axe           |       |       |       |    19 ||    19
 Invoke: Trog's Hand       |       |     2 |     7 |     2 ||    11
         Berserk           |       |       |     1 |     1 ||     2
    Use: Scroll            |       |       |    14 |     5 ||    19
         Potion            |       |       |       |     1 ||     1
 Armour: Animal skin       |    15 |       |       |       ||    15
         Plate armour      |    28 |    40 |   175 |   113 ||   356
         Leather armour    |     8 |       |       |       ||     8
  Dodge: Dodged            |    68 |    17 |    50 |    86 ||   221
  Block: Buckler           |    12 |       |       |       ||    12
         Kite shield       |       |    27 |    92 |   147 ||   266

Table legend: (Time is in decaauts)
 A = Elapsed time spent in this place.
 B = Non-inter-level travel time spent in this place.
 C = Inter-level travel time spent in this place.
 D = Time resting spent in this place.
 E = Time spent auto-exploring this place.
 F = Levels seen in this place.
 G = Mean time per level.
                   A        B        C        D        E       F      G
               +--------+--------+--------+--------+--------+-----+--------+
         Total |   9392 |   8961 |    431 |     71 |   6443 |  12 |  782.7 |
       Dungeon |   9391 |   8960 |    431 |     71 |   6443 |  11 |  853.7 |
        Temple |      1 |      1 |      0 |      0 |      0 |   1 |    1.0 |
               +--------+--------+--------+--------+--------+-----+--------+

Top non-repeatable levels by time:
     D:1: 1257 daAuts
     D:9: 1203 daAuts
     D:3: 1067 daAuts
    D:10: 1039 daAuts
     D:5: 923 daAuts
     D:4: 908 daAuts
     D:6: 906 daAuts
     D:2: 893 daAuts
     D:8: 699 daAuts
     D:7: 453 daAuts
    D:11: 39 daAuts
  Temple: 1 daAuts
